Map: Para Site LE

Players

Mana - Winner!

  • Race: Protoss Protoss
  • Spawn Location: 11:00

Silky

  • Race: Zerg Zerg
  • Spawn Location: 5:00

Event: WCS Montreal 2018

VOD

Have the link to the VOD?

Description

Time

  • Played on: Sept. 7, 2018, 4:31 p.m.
  • Length: 2:34

All games in this series

Show
View Real Time Build Order
Export as new Build Order

Mana Protoss - Winner!

Build Orders: Cannon Rush 

Get SALT Encoding   

  12  0:00  Probe  
  13  0:12  Probe  
  14  0:18  Pylon  
  14  0:23  Probe  
  15  0:32  Probe  
  15  0:40  Probe  
  15  0:42  Gateway  
  17  0:52  Probe  
  18  0:58  Forge  
  18  1:11  Assimilator  
  18  1:18  Pylon  
  18  1:27  Pylon  
  18  1:28  Pylon  
  18  1:36  Photon Cannon  
  18  1:45  Photon Cannon  
  18  1:49  Pylon  
  18  1:53  Photon Cannon  
  18  2:02  Cybernetics Core  
  18  2:14  Photon Cannon  
  18  2:21  Probe  
  19  2:25  Pylon  
Show
View Real Time Build Order
Export as new Build Order

Silky Zerg 

Build Orders: Hatch First 

Get SALT Encoding   

  12  0:00  Drone  
  13  0:12  Overlord  
  13  0:17  Drone  
  14  0:31  Drone x2  
  16  0:47  Hatchery  
  15  0:50  Drone  
  15  0:54  Drone  
  17  0:58  Drone  
  18  1:10  Extractor  
  17  1:13  Spawning Pool  
  17  1:16  Drone  
  18  2:00  Spine Crawler  
  18  2:01  Zergling x8  
  20  2:15  Zergling x4  
Tags
 
Add a new tag
Caveats
  • Supply blocks, unpowered buildings, or Contaminate may cause inaccurate times.
  • Supply counts are checked every 10 seconds.